 Dungeon Crawl Stone Soup version 0.28-a0-2-g643f2454ad (webtiles) character file.

Game seed: 11421404502833003418

49 wvc the Cudgeller (level 3, -10/30 HPs)
             Began as a Demigod Fighter on July 2, 2021.
             Mangled by an ogre (15 damage)
             ... on level 2 of the Dungeon on July 22, 2021.
             The game lasted 00:02:26 (1559 turns).

wvc the Cudgeller (Demigod Fighter)                 Turns: 1559, Time: 00:02:26

Health: -10/30     AC:  5    Str: 17    XL:     3   Next: 32%
Magic:  5/5        EV:  7    Int: 14    God:
Gold:   31         SH:  8    Dex: 13    Spells: 2/2 levels left

rFire   . . .      SeeInvis .   a - +0 flail
rCold   . . .      Faith    .   c - +0 kite shield
rNeg    . . .      Spirit   .   h - +0 ring mail
rPois   .          Reflect  .   (no helmet)
rElec   .          Harm     .   (no cloak)
rCorr   .          Rampage  .   (no gloves)
Will    .....                   (no boots)
Stlth   +.........              (no amulet)
HPRegen 0.10/turn               (no ring)
MPRegen 0.09/turn               (no ring)

@: no status effects
A: high mp 1, forlorn
a: no special abilities


You were on level 2 of the Dungeon.
You visited 1 branch of the dungeon, and saw 2 of its levels.

You collected 31 gold pieces.

Inventory:

Hand Weapons
 a - a +0 flail (weapon)
Armour
 c - a +0 kite shield (worn)
 h - a +0 ring mail (worn)
Scrolls
 b - a scroll of holy word {unknown}
 f - a scroll of identify {unknown}
Potions
 d - a potion of might
 e - a potion of degeneration {unknown}
 g - a potion of curing {unknown}


   Skills:
 - Level 2.6 Fighting
 + Level 3.6 Maces & Flails
 - Level 2.6 Armour
 - Level 2.6 Shields


You had 2 spell levels left.
You didn't know any spells.
Your spell library contained the following spells:

 Spells                   Type           Power      Damage    Failure   Level
 Summon Small Mammal      Summ           0%         N/A       95%         1
 Call Canine Familiar     Summ           0%         N/A       100%        3
 Summon Guardian Golem    Hex/Summ       0%         N/A       100%        3
 Fireball                 Conj/Fire      0%         3d3       100%        5
 Iskenderun's Battlesphe  Conj           0%         2d6       100%        5
 Conjure Ball Lightning   Conj/Air       0%         3x3d6     100%        6
 Orb of Destruction       Conj           0%         N/A       100%        7


Dungeon Overview and Level Annotations

Branches:
Dungeon (2/15)


Innate Abilities, Weirdness & Mutations

Your attributes grow dramatically as you level up.
You have an increased reservoir of magic. (+10% MP)
You shall have no god before yourself.


Message History

Found a burning altar of Makhleb.
There is a burning altar of Makhleb here.
You now have 31 gold pieces (gained 5).
b - a scroll labelled MISMAS PAITUM A frilled lizard comes into view.
The frilled lizard hisses angrily.
The frilled lizard moves out of view.
A frilled lizard is nearby!
You block the frilled lizard's attack.
You hit the frilled lizard but do no damage.
The frilled lizard barely misses you.
You miss the frilled lizard. You block the frilled lizard's attack.
Your ring mail prevents you from hitting the frilled lizard.
The frilled lizard bites you but does no damage.
You block the frilled lizard's attack.
You closely miss the frilled lizard.
The frilled lizard bites you but does no damage.
You sock the frilled lizard!
You kill the frilled lizard!
No target in view!
An ogre comes into view. It is wielding a +0 giant club.
The ogre shouts!
The ogre moves out of view.
An ogre is nearby!
A worm comes into view.
The ogre barely misses you.
You closely miss the ogre. You block the ogre's attack.
You sock the ogre!
The ogre is moderately wounded.
The ogre hits you with a +0 giant club!!
Ouch! That really hurt!
* * * LOW HITPOINT WARNING * * *
You are too injured to fight recklessly!
You are too injured to fight recklessly!
You are too injured to fight recklessly!
Your shield prevents you from hitting the ogre.
The ogre is moderately wounded.
The ogre hits you with a +0 giant club!
Ouch! That really hurt!
You die...

.#. ## #....# # ..#
#. ..... .# #.# #.
....##.#. #.#.###.
......#.###.#.....
.w........#.#.....
#.. ..#.....#..._.
#O# #.#.#.........
#@# #.............
#.###...........##
#.......#####.###
###.##........#
#######.##..#######
#...........#
..######.#.## #.#.#
#.#.#


You could see an ogre and a worm.

Vanquished Creatures
  An adder (D:2)
  3 dart slugs
  2 bats
  5 endoplasms
  A giant cockroach (D:1)
  A goblin (D:1)
  8 hobgoblins
  2 kobolds
  A quokka (D:1)
  2 ball pythons (D:1)
  A frilled lizard (D:2)
  2 rats
29 creatures vanquished.

Notes
Turn   | Place    | Note
-------+----------+-------------------------------------------
     0 | D:1      | wvc the Demigod Fighter began the quest for the Orb.
     0 | D:1      | Reached XP level 1. HP: 18/18 MP: 3/3
    35 | D:1      | Reached skill level 2 in Maces & Flails
   302 | D:1      | Reached XP level 2. HP: 15/25 MP: 4/4
   623 | D:1      | Reached skill level 3 in Maces & Flails
   974 | D:1      | Upgraded the game from 0.27-a0-1434-g6f15984924 to
                  | 0.28-a0-2-g643f2454ad
  1093 | D:2      | Reached XP level 3. HP: 22/30 MP: 5/5
  1553 | D:2      | Noticed an ogre
  1559 | D:2      | Mangled by an ogre

Illustrated notes

Levels and vault maps discovered:
D:1:      moated_graveyard_arrival, layout_rooms,
          ebering_ecumenical_altar_abandoned
D:2:      layout_loops_ring, basic_altar

Skill      XL: |  1  2 |
---------------+-------+-----
Maces & Flails | 2 3 |  3.6
Fighting       | |  2.6
Armour         | |  2.6
Shields        | |  2.6

Action                   || total
-------------------------++-------
Melee: Flail             ||    90
Armor: Scale mail        ||    43
       Ring mail         ||     2
Dodge: Dodged            ||    25
Block: Kite shield       ||    41

Table legend: (Time is in decaauts)
 A = Elapsed time spent in this place.
 B = Non-inter-level travel time spent in this place.
 C = Inter-level travel time spent in this place.
 D = Time resting spent in this place.
 E = Time spent auto-exploring this place.
 F = Levels seen in this place.
 G = Mean time per level.
                   A        B        C        D        E       F      G
               +--------+--------+--------+--------+--------+-----+--------+
         Total |   1603 |   1588 |     15 |    536 |    792 |   2 |  801.5 |
       Dungeon |   1603 |   1588 |     15 |    536 |    792 |   2 |  801.5 |
               +--------+--------+--------+--------+--------+-----+--------+

Top non-repeatable levels by time:
     D:1: 1019 daAuts
     D:2: 583 daAuts
